 Seeded DCSS version 0.29-a0-878-g7b45a56 (webtiles) character file.

Game seed: 4054986823413723236 (custom seed)

1 AmazingTV the Magician (level 1, -2/15 HPs)
             Began as a Djinni Earth Elementalist on July 25, 2022.
             Frozen to death by an endoplasm (6 damage)
             ... on level 1 of the Dungeon.
             The game lasted 00:03:25 (70 turns).

AmazingTV the Magician (Djinni Earth Elementalist)    Turns: 70, Time: 00:03:26

Health: -2/15      AC:  2    Str:  7    XL:     1   Next: 22%
Gold:   16         EV: 12    Int: 16    God:
                   SH:  0    Dex: 13

rFire   + + .      SeeInvis .   (no weapon)
rCold   x . .      Faith    .   (no shield)
rNeg    . . .      Spirit   .   a - +0 robe
rPois   ∞          Reflect  .   (no helmet)
rElec   .          Harm     .   (no cloak)
rCorr   .          Rampage  .   (no gloves)
Will    .....                   (boots unavailable)
Stlth   ++........              (no amulet)
HPRegen 0.05/turn               (no ring)
MPRegen 0.00/turn               (no ring)

@: flying
A: sickness immunity, fire resistance 2, cold vulnerability 1, float, innate
caster, HP casting, extra vitality 1
a: no special abilities


You were on level 1 of the Dungeon.
You visited 1 branch of the dungeon, and saw 1 of its levels.

You collected 16 gold pieces.


Innate Abilities, Weirdness & Mutations

You are immune to sickness and miasma.
You are immune to poison.
Your flesh is very heat resistant. (rF++)
You are vulnerable to cold. (rC-)
You float through the air rather than walking.
You learn spells naturally, not from books.
Your magical power is your life essence.
You have superior vitality. (+4 MHP)


   Skills:
 + Level 2.2 Dodging
 + Level 1.6 Stealth
 + Level 2.4 Spellcasting


You couldn't memorise any spells.
You knew the following spells:

 Your Spells              Type           Power      Damage    Failure   Level
a - Sandblast             Erth           18%        2d7       8%          1
b - Passwall              Tmut/Erth      7%         N/A       11%         2
c - Stone Arrow           Conj/Erth      18%        3d8       22%         3
d - Petrify               Tmut/Erth      9%         N/A       58%         4
Your spell library was empty.

Inventory:

Armour
 a - a +0 robe (worn)

Dungeon Overview and Level Annotations

Branches:
Dungeon (1/15) Zot: 5927

Altars:

Shops:
D:1

( ##..# #.## #r#
###################J#
≈P≈P≈P≈≈≈PP.≈.P...#.#
≈≈P≈≈≈≈≈≈≈P≈..≈.h.#h#
≈≈≈P≈≈≈≈≈≈≈≈≈≈≈≈P.#.#
≈≈≈≈≈≈≈≈≈≈≈≈≈≈..SJr.#
≈≈≈≈≈≈≈≈≈≈≈≈≈...@.'.#
..≈≈≈≈≈..≈≈≈..P.♣.###
P#.≈.≈.##.≈.###...#
###.P.####.## #####
##### ###


You could see an endoplasm, a jackal, a ball python and a rat.


Message History

Welcome, AmazingTV the Djinni Earth Elementalist.
Game seed: 4054986823413723236 (custom seed) Press ? for a list of commands and other information.
Found a staircase leading out of the dungeon.
You begin with the following spells memorised: Sandblast, Passwall, Stone Arrow, Petrify.
Annotate which branch? (. - D:1, ? - help, ! - show branch list)
Okay, then.
Sorry, you're not good enough to have a special ability.
You need no library to learn spells.
You are flying.
Your flying speed is average.
Your attack delay is about 1.0.
You now have 16 gold pieces.
You reach down and open the large door.
There is a large open door here.
A jackal comes into view.
Found a ring mail.
Found Kiatat's Antique Weapon Emporium.
The jackal barks!
A ball python comes into view.
Aiming: Sandblast (safe; 8% risk of failure)
Press: ? - help, Q - select action, (/) - cycle Shift-Dir - straight line, f - you
Okay, then.
The ball python hisses angrily.
A jackal comes into view.
Aiming: Sandblast (safe; 8% risk of failure)
Press: ? - help, Q - select action, (/) - cycle Shift-Dir - straight line, f - jackal
Aim: a jackal (72% to hit)
The blast of sand hits the jackal.
The jackal barks!
An endoplasm comes into view. 😕 HP[-1]
You take 1 damage, and now have 14/15 hp.
Aiming: Sandblast (safe; 8% risk of failure)
Press: ? - help, Q - select action, (/) - cycle Shift-Dir - straight line, f/p - jackal
Aim: a jackal (heavily wounded, 72% to hit)
The blast of sand hits the jackal but does no damage.
The endoplasm quivers.
The jackal bites you but does no damage.
The jackal closely misses you.
A rat comes into view. 😕 HP[-1]
You take 1 damage, and now have 13/15 hp.
You hit the jackal but do no damage. The jackal closely misses you.
The jackal misses you.
You barely miss the jackal. The jackal barely misses you.
The jackal barely misses you. The jackal bites you. 😕 HP[-1]
You take 1 damage, and now have 12/15 hp.
You hit the jackal. The jackal barely misses you.
The jackal bites you. 😮 HP[-1]
You take 1 damage, and now have 11/15 hp.
You hit the jackal but do no damage. The jackal bites you. 😮 HP[-1]
You take 1 damage, and now have 10/15 hp.
You hit the jackal.
The jackal bites you but does no damage.
The jackal closely misses you.
You barely miss the jackal. The jackal closely misses you.
You hit the jackal but do no damage. The jackal closely misses you.
You hit the jackal.
You kill the jackal!
The ball python barely misses you. The ball python misses you.
You hit the ball python. The ball python bites you.
The ball python closely misses you. 😮 HP[-1]
You take 1 damage, and now have 9/15 hp.
You barely miss the ball python. The ball python barely misses you.
The ball python grabs you.
The ball python constricts you. 😮 HP[-1]
You take 1 damage, and now have 8/15 hp.
You closely miss the ball python. The ball python barely misses you.
The ball python constricts you.
The ball python's grasp on you weakens, but your attempt to escape fails.
The ball python completely misses you. The ball python constricts you.
You escape the ball python's grasp.
The ball python barely misses you. The ball python closely misses you.
There is a large open door here.
The ball python attacks as you move away!
The ball python bites you but does no damage.
The ball python barely misses you.
There's a creature in the doorway!
The ball python attacks as you move away!
The ball python closely misses you. The ball python misses you.
The ball python bites you but does no damage.
The ball python barely misses you. The ball python bites you.
* * * LOW HITPOINT WARNING * * *
The ball python misses you. 😨 HP[-1]
You take 1 damage, and now have 7/15 hp.
The ball python attacks as you move away!
The ball python bites you.
* * * LOW HITPOINT WARNING * * *
The ball python bites you but does no damage.
The ball python closely misses you. The endoplasm freezes you.
You are frozen.
You feel a terrible chill!
You die...

Action                   || total
-------------------------++-------
Melee: Unarmed           ||    11
 Cast: Sandblast         ||     2
Armor: Robe              ||     5
Dodge: Dodged            ||    23

Levels and vault maps discovered:
D:1:      lightli_arrival_windingriver, layout_rooms,
          ebering_ecumenical_altar_petrified, serial_shops, nicolae_square_shop,
          minmay_ruptured

Notes
Turn   | Place    | Note
-------+----------+-------------------------------------------
     0 | D:1      | AmazingTV the Djinni Earth Elementalist began the quest for
                  | the Orb.
     0 | D:1      | AmazingTV set off with the following spells memorised:
                  | Sandblast, Passwall, Stone Arrow, Petrify.
     0 | D:1      | Reached XP level 1. HP: 15/15 MP: 0/0
     0 | D:1      | magus.rc [v1.9.6]
    37 | D:1      | Found Kiatat's Antique Weapon Emporium.
    70 | D:1      | Frozen to death by an endoplasm

Vanquished Creatures
  A jackal (D:1)
1 creature vanquished.

Vanquished Creatures (others)
  A withered plant (D:1)
1 creature vanquished.

Grand Total: 2 creatures vanquished

Table legend:
 A = Non-vault XP
 B = Vault XP
 C = Vault XP percentage of total XP
 D = Non-vault monster count
 E = Vault monster count
 F = Vault count percentage of total count
                 A         B        C        D         E       F
            +---------+---------+-------+---------+---------+-------
      Total |       2 |       0 |   0.0 |       1 |       0 |   0.0
            +---------+---------+-------+---------+---------+-------
        D:1 |       2 |       0 |   0.0 |       1 |       0 |   0.0
            +---------+---------+-------+---------+---------+-------

Illustrated notes

Table legend:
 A = Kills in this place as a percentage of kills in entire the game.
 B = Kills by you in this place as a percentage of kills by you in the entire game.
 C = Kills by friends in this place as a percentage of kills by friends in the entire game.
 D = Other kills in this place as a percentage of other kills in the entire game.
 E = Experience gained in this place as a percentage of experience gained in the entire game.
 F = Experience gained in this place divided by the number of levels of this place that you have seen.
                   A       B       C       D       E      F
               +-------+-------+-------+-------+-------+----------------------
         Total | 100.0 | 100.0 |   N/A |   N/A | 100.0 |   2.0
       Dungeon | 100.0 | 100.0 |   N/A |   N/A | 100.0 |   2.0
               +-------+-------+-------+-------+-------+----------------------

Table legend: (Time is in decaauts)
 A = Elapsed time spent in this place.
 B = Non-inter-level travel time spent in this place.
 C = Inter-level travel time spent in this place.
 D = Time resting spent in this place.
 E = Time spent auto-exploring this place.
 F = Levels seen in this place.
 G = Mean time per level.
                   A        B        C        D        E       F      G
               +--------+--------+--------+--------+--------+-----+--------+
         Total |     72 |     72 |      0 |      0 |      0 |   1 |   72.0 |
       Dungeon |     72 |     72 |      0 |      0 |      0 |   1 |   72.0 |
               +--------+--------+--------+--------+--------+-----+--------+

Top non-repeatable levels by time:
     D:1: 72 daAuts
